AoeStats
← jusart.92

Arabia

510237763Analyzed
3v3 RM · 2d ago on Sep 30, 2026· 22m 57s· 6 players
Game mode
Random Map
Map size
Normal (6 player)
Population
200
Speed
Normal
Resources
Standard
Victory
Conquest
Starting age
Dark Age
Ending age
Imperial Age
RankedLock teamsTeams togetherTeam positionsShared explorationLock speedFull tech treeHidden civsTurbo modeCheats
Victory
Defeat
🇲🇽 Mongols · Mexico
1284
+13
🇲🇽 Tatars · Mexico
1251
+14
🇲🇽 Vikings · Mexico
1219
+15
🇦🇷 Varangians · Argentina
1236
-16
🇲🇽 Danes · Mexico
1217
-14
🇨🇳 Franks · China
1170
-12
unameru
5:04 Loom
8:48 Feudal Age
9:23 Double-Bit Axe
9:30 Double-Bit Axe
10:27 Horse Collar
16:41 Wheelbarrow
La Hire
7:09 Loom
9:32 Feudal Age
10:03 Double-Bit Axe
18:26 Scale Barding Armor
20:38 Forging
jusart.92
5:31 Loom
9:11 Feudal Age
10:41 Arson
12:00 Man-at-Arms
21:23 Scale Mail Armor
FrumpyImpala821
8:14 Loom
10:35 Feudal Age
15:06 Fletching
22:26 Castle Age
20:45 Padded Archer Armor
21:05 Gold Mining
tona1410
9:52 Feudal Age
8:34 Loom
10:24 Double-Bit Axe
21:43 Castle Age
19:39 Horse Collar
20:25 Bloodlines
21:33 Forging
22:13 Scale Barding Armor
23:21 Bow Saw
23:33 Heavy Plow
StampedPear67
8:52 Feudal Age
8:13 Loom
13:02 Town Watch
17:27 Double-Bit Axe
24:11 Castle Age
Connection lost

Rejoining the realm…

Still unreachable

The connection could not be restored.

Session expired

The server has moved on; the page needs a fresh start.